[Event "Titled Tuesday Blitz May 30 Late 2023"]
[White "Adewumi, Tanitoluwa"]
[Black "Mujumdar, Sameer"]
[WhiteFideId "30966396"]
[BlackFideId "2029707"]
[WhiteElo "2598"]
[BlackElo "2104"]
[Result "1-0"]
[Round "03"]
[TimeControl "180+2"]
[Date "2023.05.31"]
[WhiteClock "0:00:06"]
[BlackClock "0:00:26"]

1. e4 c6 2. d4 d5 3. exd5 cxd5 4. Bd3 Nc6 5. c3 Qc7 6. Ne2 e6 7. Bf4 Bd6 8. Bxd6 Qxd6 9. O-O Nf6 10. f4 O-O 11. Nd2 Ng4 12. Nf3 Ne3 13. Bxh7+ Kh8 14. Qe1 Nxf1 15. Qh4 g6 16. Bxg6+ Kg7 17. Bd3 Rh8 18. Qg5+ Kf8 19. Rxf1 Qe7 20. Qg3 Bd7 21. Ne5 Be8 22. f5 Nxe5 23. dxe5 Qh4 24. fxe6 Qxg3 25. Nxg3 Ke7 26. exf7 Bxf7 27. Nf5+ Ke6 28. Nd4+ Ke7 29. Rf6 Raf8 30. Nf5+ Kd8 31. e6 Bxe6 32. Rxe6 Re8 33. Rxe8+ Rxe8 34. Kf2 Kc7 35. h4 b6 36. h5 Rh8 37. h6 Kd7 38. g4 Ke6 39. g5 Kf7 40. Kg3 Kg6 41. Kg4 Re8 42. Nd6+ 1-0


[Site "https://www.chess.com"]

[Event "Titled Tuesday Blitz May 30 Late 2023"]
[White "Nilsen, Tobias Lang"]
[Black "brm72"]
[WhiteFideId "1521624"]
[WhiteElo "2183"]
[BlackElo "2597"]
[Result "1-0"]
[Round "03"]
[TimeControl "180+2"]
[Date "2023.05.31"]
[WhiteClock "0:00:25"]
[BlackClock "0:00:03"]

1. e4 c5 2. Nf3 e6 3. d4 cxd4 4. Nxd4 Nc6 5. Nc3 Qc7 6. Be3 a6 7. g4 Bb4 8. Nxc6 bxc6 9. Qd4 Bf8 10. O-O-O d5 11. exd5 cxd5 12. Bg2 Bb7 13. Rhe1 Ne7 14. Bf4 Qa5 15. h4 Rc8 16. Kb1 Rc4 17. Qd2 Ng6 18. Bg3 Bb4 19. h5 Ne7 20. h6 g6 21. Be5 O-O 22. Qg5 f5 23. Bg7 Rf7 24. Rxe6 Rxg4 25. Qe3 Rxg2 26. a3 Bc5 27. Qe5 Rg4 28. Nxd5 Nxd5 29. Re8+ Bf8 30. Bxf8 Nf6 31. Bc5+ Nxe8 32. Qxe8+ 1-0


[Site "https://www.chess.com"]

[Event "Titled Tuesday Blitz May 30 Late 2023"]
[White "Kavutskiy, Konstantin"]
[Black "Zaitsev, Alexander"]
[WhiteFideId "2026384"]
[BlackFideId "4164490"]
[WhiteElo "2323"]
[BlackElo "2373"]
[Result "0-1"]
[Round "03"]
[TimeControl "180+2"]
[Date "2023.05.31"]
[WhiteClock "0:00:19"]
[BlackClock "0:00:22"]

1. d4 Nf6 2. Bg5 d5 3. Nd2 Nbd7 4. e3 h6 5. Bh4 c5 6. c3 e6 7. Bd3 Qb6 8. Rb1 Bd6 9. Ngf3 O-O 10. O-O Re8 11. Bg3 Bxg3 12. hxg3 e5 13. dxe5 Nxe5 14. Nxe5 Rxe5 15. c4 Bg4 16. Qc2 Rd8 17. a3 a5 18. cxd5 Rexd5 19. Nc4 Qe6 20. Nxa5 Rxd3 21. Nxb7 R8d5 22. Nxc5 Qc6 23. b4 Rd2 24. Qc4 Be2 25. Qf4 Bxf1 26. Rxf1 Rd1 27. Rxd1 Rxd1+ 28. Kh2 Qd5 29. g4 Qd6 30. Qxd6 Rxd6 31. a4 Nd7 32. Ne4 Re6 33. Nc3 Ne5 34. b5 Nc4 35. Kg3 Kf8 36. Nd5 Nb6 37. Nc3 Nc4 38. Nd5 Rd6 39. Nb4 Ke8 40. Kf4 Kd7 41. Ke4 Kc7 42. Nd5+ Kb7 43. f4 g6 44. g3 f5+ 45. gxf5 gxf5+ 46. Kxf5 Rxd5+ 47. Kg6 Nxe3 48. Kxh6 Nf5+ 49. Kg6 Nxg3 50. Kf6 Rf5+ 51. Ke6 Rxf4 0-1


[Site "https://www.chess.com"]

[Event "Titled Tuesday Blitz May 30 Late 2023"]
[White "Jakic, Ivan"]
[Black "Adla, Diego"]
[WhiteFideId "14504901"]
[BlackFideId "100072"]
[WhiteElo "2370"]
[BlackElo "2377"]
[Result "0-1"]
[Round "03"]
[TimeControl "180+2"]
[Date "2023.05.31"]
[WhiteClock "0:00:05"]
[BlackClock "0:01:04"]

1. e4 e5 2. Nf3 Nc6 3. Bb5 a6 4. Ba4 Nf6 5. d4 exd4 6. O-O Be7 7. e5 Ne4 8. Nxd4 O-O 9. Nf5 d5 10. Bxc6 bxc6 11. Nxe7+ Qxe7 12. Re1 Re8 13. f3 Nd6 14. b3 Bd7 15. Ba3 Qh4 16. g3 Qd8 17. exd6 Qf6 18. c3 cxd6 19. Rf1 Bh3 20. Rf2 c5 21. Bb2 h5 22. Nd2 h4 23. g4 Qe6 24. Nf1 f5 25. g5 f4 26. Qd2 Qf5 27. Kh1 Qxg5 28. Rd1 Re6 29. Qxd5 Qxd5 30. Rxd5 Re1 31. Kg1 Rae8 32. Rdd2 Rb1 33. c4 Ree1 34. Rg2 Rxf1# 0-1


[Site "https://www.chess.com"]

[Event "Titled Tuesday Blitz May 30 Late 2023"]
[White "Bitoon, Richard"]
[Black "Kouskoutis, Georgios-Alexandros"]
[WhiteFideId "5201110"]
[BlackFideId "4234049"]
[WhiteElo "2374"]
[BlackElo "2149"]
[Result "1-0"]
[Round "03"]
[TimeControl "180+2"]
[Date "2023.05.31"]
[WhiteClock "0:00:21"]
[BlackClock "0:00:01"]

1. e4 c5 2. c3 g6 3. d4 cxd4 4. cxd4 d5 5. e5 Nc6 6. Nc3 Bg7 7. h3 f6 8. f4 fxe5 9. fxe5 Nh6 10. g4 e6 11. Nf3 O-O 12. Bg2 Rb8 13. O-O b5 14. Be3 Bd7 15. Qd2 Nf7 16. Rac1 b4 17. Ne2 Qe7 18. b3 Rfc8 19. Nf4 a5 20. Nd3 Na7 21. h4 Bb5 22. h5 Qe8 23. Rf2 Bxd3 24. Qxd3 Rxc1+ 25. Bxc1 Rc8 26. Bd2 Qb5 27. Bf1 Qxd3 28. Bxd3 gxh5 29. gxh5 Nc6 30. Rg2 Kh8 31. Ba6 Rg8 32. Bb5 Ncd8 33. Bd3 Bh6 34. Bxh6 Nxh6 35. Ng5 Nhf7 36. Nxh7 Rxg2+ 37. Kxg2 Nc6 38. Nf6 Nxd4 39. Nd7 Nc6 40. Nc5 Ncxe5 41. Ba6 Nd8 42. Bc8 Nec6 43. Nxe6 Nxe6 44. Bxe6 d4 45. Kf3 Kg7 46. Ke4 Kh6 47. Bd5 Ne7 48. Bf7 Kg7 49. Be8 1-0


[Site "https://www.chess.com"]

[Event "Titled Tuesday Blitz May 30 Late 2023"]
[White "Kovalevsky, Stanislav"]
[Black "koncheto"]
[WhiteFideId "13508598"]
[WhiteElo "2174"]
[BlackElo "2594"]
[Result "1/2-1/2"]
[Round "03"]
[TimeControl "180+2"]
[Date "2023.05.31"]
[WhiteClock "0:00:09"]
[BlackClock "0:00:03"]

1. c4 Nf6 2. Nc3 e6 3. g3 c6 4. e4 d5 5. cxd5 cxd5 6. exd5 Nxd5 7. Bg2 Nxc3 8. bxc3 Be7 9. d4 O-O 10. Nf3 Nc6 11. O-O Qc7 12. Bf4 Bd6 13. Be3 b6 14. Qd3 h6 15. Qd2 Rd8 16. Bxh6 gxh6 17. Qxh6 Bf8 18. Qh5 Rd5 19. Ng5 Rxg5 20. Qxg5+ Bg7 21. Rfe1 Bb7 22. h4 Kf8 23. h5 Qe7 24. Qxe7+ Kxe7 25. d5 Na5 26. Rac1 Rc8 27. c4 Ba6 28. dxe6 fxe6 29. Bh3 Rc6 30. Re4 Bxc4 31. g4 Bxa2 32. Rxc6 Nxc6 33. g5 Bd5 34. Rh4 Ne5 35. h6 Nf3+ 36. Kf1 Nxh4 37. hxg7 Kf7 38. f4 Kxg7 39. Kf2 a5 40. Ke3 a4 41. Kd4 a3 42. Kc3 a2 43. Kb2 Ng6 44. f5 exf5 45. Bxf5 Ne7 46. Bc2 Nc6 47. Bd3 Nb4 48. Bf5 Bf7 49. Bd7 Bg6 50. Be6 Nc2 51. Bxa2 Nd4 52. Kc3 Ne6 53. Bxe6 Kf8 54. Kb4 Ke7 55. Bd5 Kd6 56. Bb3 Ke5 57. Kb5 Kf4 58. Kxb6 Kxg5 1/2-1/2


[Site "https://www.chess.com"]

[Event "Titled Tuesday Blitz May 30 Late 2023"]
[White "Grinev, Valeriy"]
[Black "KorolDimitriy75"]
[WhiteFideId "14117517"]
[WhiteElo "2366"]
[BlackElo "2430"]
[Result "1-0"]
[Round "03"]
[TimeControl "180+2"]
[Date "2023.05.31"]
[WhiteClock "0:02:32"]
[BlackClock "0:01:58"]

1. e4 c5 2. Nf3 d6 3. Bb5+ Nd7 4. Nc3 Nf6 5. O-O g6 6. Re1 Bg7 7. h3 O-O 8. Bf1 b6 9. a4 Bb7 10. b3 Nxe4 11. Nxe4 Bxa1 12. c3 d5 13. Ng3 d4 14. Ba3 dxc3 15. Qxa1 Bxf3 16. gxf3 cxd2 17. Rd1 Ne5 18. Qxe5 1-0


[Site "https://www.chess.com"]

[Event "Titled Tuesday Blitz May 30 Late 2023"]
[White "Grycel, Kamil"]
[Black "Fiorito, Francisco"]
[WhiteFideId "1115499"]
[BlackFideId "180165"]
[WhiteElo "2427"]
[BlackElo "2341"]
[Result "1-0"]
[Round "03"]
[TimeControl "180+2"]
[Date "2023.05.31"]
[WhiteClock "0:00:05"]
[BlackClock "0:00:05"]

1. d4 Nf6 2. Nf3 g6 3. Bf4 Bg7 4. e3 O-O 5. h3 d6 6. Be2 b6 7. c4 Bb7 8. Nc3 Nbd7 9. O-O Qe8 10. Bh2 e5 11. Rc1 Ne4 12. Nd5 Rc8 13. Qc2 Nef6 14. dxe5 dxe5 15. Rfd1 Qe6 16. Ng5 Qe8 17. b4 h6 18. Nf3 Qe6 19. Qb3 Ne4 20. Nd2 Nxd2 21. Rxd2 Rfd8 22. Rcd1 c6 23. Nc3 Qe7 24. Bf3 Nf8 25. b5 Rxd2 26. Rxd2 cxb5 27. Nd5 Bxd5 28. Bxd5 bxc4 29. Bxc4 Ne6 30. Bg3 Nc5 31. Qb5 Ne4 32. Rd7 Qc5 33. Bxf7+ Kh7 34. Qd3 Qc1+ 35. Kh2 Qc2 36. Qd5 Nxg3 37. fxg3 Qc5 38. Qe6 Qc2 39. Be8 Rxe8 40. Qxe8 e4 41. Qf7 Qc3 42. Rxa7 h5 43. Re7 b5 44. Re6 h4 45. Qxg6+ Kg8 46. Re8# 1-0


[Site "https://www.chess.com"]

[Event "Titled Tuesday Blitz May 30 Late 2023"]
[White "Odegov, Artem"]
[Black "FromTexas54"]
[WhiteFideId "34183644"]
[WhiteElo "2300"]
[BlackElo "2425"]
[Result "0-1"]
[Round "03"]
[TimeControl "180+2"]
[Date "2023.05.31"]
[WhiteClock "0:00:08"]
[BlackClock "0:00:10"]

1. d4 Nf6 2. c4 g6 3. Nc3 Bg7 4. e4 d6 5. h3 O-O 6. Be3 h5 7. Bd3 e5 8. d5 a5 9. Nge2 Na6 10. f3 Nc5 11. Bc2 c6 12. g4 cxd5 13. cxd5 b6 14. Kf2 Ba6 15. Qd2 Qd7 16. Rag1 Rfc8 17. Bg5 h4 18. Bxh4 b5 19. Bg5 b4 20. Nd1 a4 21. Ne3 b3 22. axb3 Nxb3 23. Bxb3 axb3 24. Nc3 Nh7 25. Bh4 Bh6 26. g5 Bf8 27. Ra1 Be7 28. Ng4 Qd8 29. Rhg1 Kf8 30. Nf6 Nxf6 31. gxf6 Bxf6 32. Qh6+ Ke8 33. Rg4 Bxh4+ 34. Rxh4 Qf6 35. Qh8+ Ke7 36. Qxf6+ Kxf6 37. Ke3 Bc4 38. Rxa8 Rxa8 39. Rg4 Ra1 40. Rg2 Rh1 41. Rg3 Rh2 42. Na4 Re2# 0-1


[Site "https://www.chess.com"]

[Event "Titled Tuesday Blitz May 30 Late 2023"]
[White "Pinheiro, Iung Alicio de O."]
[Black "Hajiyev, Kanan"]
[WhiteFideId "2104350"]
[BlackFideId "13404148"]
[WhiteElo "2283"]
[BlackElo "2103"]
[Result "0-1"]
[Round "03"]
[TimeControl "180+2"]
[Date "2023.05.31"]
[WhiteClock "0:00:12"]
[BlackClock "0:00:15"]

1. d4 Nf6 2. c4 g6 3. Nc3 d5 4. Nf3 Bg7 5. h3 c5 6. cxd5 Nxd5 7. e4 Nxc3 8. bxc3 O-O 9. Be2 Nc6 10. Be3 Qc7 11. O-O b6 12. Rc1 Bb7 13. d5 Ne5 14. c4 Nxf3+ 15. Bxf3 Rad8 16. Qd2 e6 17. Bg5 f6 18. Bf4 e5 19. Be3 Qd7 20. Qc2 f5 21. Bg5 Rde8 22. a4 f4 23. Bg4 Qf7 24. f3 Bc8 25. Bxc8 Rxc8 26. Bh4 Bf6 27. Bf2 a5 28. Rb1 Bd8 29. Rfd1 Ra8 30. d6 Ra7 31. Rd5 Re8 32. Rbd1 Rd7 33. Qb3 Qe6 34. Qb5 Rf8 35. Qc6 Rf6 36. Bh4 Rff7 37. Bxd8 Rxd8 38. Qxb6 Rfd7 39. Qxc5 g5 40. Rxe5 Qf6 41. Rxg5+ Kh8 42. Rf5 Qg6 43. Qe5+ Qg7 44. Qxg7+ Kxg7 45. c5 Rc8 46. Rfd5 Kf6 47. e5+ Ke6 48. Kf1 Rc6 49. Ke2 Rc8 50. R5d4 Kxe5 51. Re4+ Kf5 52. Rc4 Ke5 53. Rdd4 Rc6 54. Re4+ Kd5 55. Rxf4 Rxc5 56. Rxc5+ Kxc5 57. Rf6 Kb4 58. Kd3 Kxa4 59. Kd4 Kb4 60. Kd5 a4 0-1


[Site "https://www.chess.com"]

[Event "Titled Tuesday Blitz May 30 Late 2023"]
[White "Prado Lobo, Jonas"]
[Black "Skaric, Djuro"]
[WhiteFideId "32050666"]
[BlackFideId "934569"]
[WhiteElo "2322"]
[BlackElo "2282"]
[Result "1-0"]
[Round "03"]
[TimeControl "180+2"]
[Date "2023.05.31"]
[WhiteClock "0:00:42"]
[BlackClock "0:01:07"]

1. d4 g6 2. Nf3 Bg7 3. g3 d6 4. Bg2 Nf6 5. O-O O-O 6. Nc3 Nc6 7. e4 h6 8. d5 Ne5 9. Nxe5 dxe5 10. h3 Ne8 11. Be3 a6 12. Qd2 Kh7 13. f4 exf4 14. gxf4 e6 15. Rad1 exd5 16. Nxd5 Nd6 17. b3 Be6 18. c4 Bxd5 19. Qxd5 Qe7 20. e5 Nf5 21. Bc5 Qe6 22. Bxf8 Bxf8 23. Qxe6 fxe6 24. Rd7+ Kg8 25. Bxb7 Ra7 26. Rxc7 a5 27. Rd1 Be7 28. Rdd7 Kf8 29. Be4 Bc5+ 30. Kh2 Rxc7 31. Rxc7 Be3 32. Bxf5 Bxf4+ 33. Kg2 exf5 34. Rc5 h5 35. Rxa5 Ke7 36. Rd5 g5 37. a4 g4 38. hxg4 fxg4 39. a5 h4 40. Rd4 h3+ 41. Kh1 Bxe5 42. Rxg4 Bc3 43. a6 1-0


[Site "https://www.chess.com"]

[Event "Titled Tuesday Blitz May 30 Late 2023"]
[White "Tarasova, Viktoriya"]
[Black "Omranalhosani21"]
[WhiteFideId "4175840"]
[WhiteElo "2182"]
[BlackElo "2590"]
[Result "1/2-1/2"]
[Round "03"]
[TimeControl "180+2"]
[Date "2023.05.31"]
[WhiteClock "0:00:33"]
[BlackClock "0:00:24"]

1. d4 c5 2. d5 Nf6 3. Nc3 e6 4. e4 d6 5. Nf3 g6 6. Bb5+ Bd7 7. a4 exd5 8. exd5 Bg7 9. O-O O-O 10. Bf4 Bxb5 11. Nxb5 Ne4 12. c3 a6 13. Na3 Re8 14. Re1 Nd7 15. Nc4 Nb6 16. Qd3 Nxc4 17. Qxc4 f5 18. Nd2 Nxd2 19. Bxd2 Qd7 20. a5 Rxe1+ 21. Rxe1 Re8 22. Re6 Kf7 23. Rxe8 Qxe8 24. h3 Qb5 25. Qxb5 axb5 26. b4 c4 27. f4 h6 28. h4 g5 29. hxg5 hxg5 30. g3 gxf4 31. gxf4 Kg6 32. Kg2 Kh5 33. Kh3 Bf6 34. Kg3 Bh4+ 35. Kh3 Bf2 36. Kg2 Bh4 37. Kh3 Bf6 38. Kg3 Bd8 39. Kh3 Bc7 40. Kg3 Bb8 41. Kh3 Ba7 42. Kg3 Bg1 43. Kh3 Kg6 44. Kg3 Kf6 45. Kg2 Ba7 46. Kh3 Kg6 47. Kg3 Kg7 48. Kh3 Kh6 49. Kh4 Bf2+ 50. Kh3 Kh5 51. Kg2 Bh4 52. Kh3 1/2-1/2


[Site "https://www.chess.com"]

[Event "Titled Tuesday Blitz May 30 Late 2023"]
[White "Wadsworth, Matthew J"]
[Black "Srdanovic, Jovana"]
[WhiteFideId "415804"]
[BlackFideId "954810"]
[WhiteElo "2347"]
[BlackElo "2169"]
[Result "1/2-1/2"]
[Round "03"]
[TimeControl "180+2"]
[Date "2023.05.31"]
[WhiteClock "0:01:28"]
[BlackClock "0:00:08"]

1. Nf3 d5 2. g3 Bg4 3. Bg2 e6 4. O-O Nf6 5. h3 Bh5 6. d3 Nbd7 7. Nbd2 c6 8. e4 Bc5 9. g4 Bg6 10. e5 Ng8 11. Nb3 Bb6 12. Bg5 Qc7 13. Re1 h6 14. Bh4 h5 15. Bg3 hxg4 16. hxg4 Ne7 17. d4 O-O-O 18. a4 a5 19. Qd2 c5 20. c3 Be4 21. Ng5 Bxg2 22. Kxg2 Rdf8 23. Rh1 Rxh1 24. Rxh1 c4 25. Nc1 Qc6 26. Rh7 f6 27. Rxg7 fxg5 28. Rxe7 Bd8 29. Qxg5 Bxe7 30. Qxe7 Qxa4 31. Ne2 Qc2 32. Nf4 Qxb2 33. Nxe6 Rg8 34. Qf7 Rh8 35. g5 Qb1 36. Bh2 Qe4+ 37. Kg3 Qh4+ 38. Kf3 Qe4+ 39. Kg3 Qh4+ 40. Kf3 Qe4+ 41. Kg3 1/2-1/2


[Site "https://www.chess.com"]

[Event "Titled Tuesday Blitz May 30 Late 2023"]
[White "Mickiewicz, Piotr"]
[Black "Kleiman, Jake"]
[WhiteFideId "1114891"]
[BlackFideId "2020041"]
[WhiteElo "2246"]
[BlackElo "2588"]
[Result "0-1"]
[Round "03"]
[TimeControl "180+2"]
[Date "2023.05.31"]
[WhiteClock "0:00:06"]
[BlackClock "0:00:12"]

1. e4 e5 2. Nf3 Nc6 3. Bb5 a6 4. Ba4 Nf6 5. O-O b5 6. Bb3 Bc5 7. a4 Rb8 8. c3 d6 9. d4 Bb6 10. h3 h6 11. a5 Ba7 12. Be3 Ra8 13. Nbd2 O-O 14. Re1 Re8 15. Bc2 Bb7 16. dxe5 Bxe3 17. Rxe3 dxe5 18. b4 Nh5 19. g3 Bc8 20. Kg2 Qf6 21. Ng1 Qg6 22. Kh2 Be6 23. Qe2 Rad8 24. Nb3 Nf6 25. Nc5 Bc8 26. Bb3 Nd7 27. Nd3 Nf8 28. Nf3 Qf6 29. Nh4 Be6 30. Rf3 Qg5 31. Bxe6 Rxe6 32. Nc5 Red6 33. Rf5 Qe7 34. Rf1 Rd2 35. Qe3 R2d6 36. Ng2 g6 37. Rf3 Kg7 38. Qc1 Ne6 39. Ne3 Nxc5 40. bxc5 R6d7 41. Nd5 Qxc5 42. Nf6 Rd6 43. Ng4 Rh8 44. Nxh6 Rxh6 45. Rxf7+ Kxf7 46. Qxh6 Ne7 47. h4 Qc4 48. Kg2 Qxe4+ 49. Kg1 Qf5 50. Qh7+ Ke8 51. Qh8+ Kd7 52. Qa8 e4 53. Qh8 Qf3 54. Qe5 Qe2 55. Qg5 Rd1 56. Rxd1+ Qxd1+ 57. Kg2 Qf3+ 58. Kg1 Qxc3 59. Qf4 Qd4 60. h5 gxh5 61. Qg5 Qd5 62. Qf4 b4 63. Qe3 b3 64. Qe2 Qd3 65. Qxh5 b2 66. Qg4+ Kd8 67. Qg7 b1=Q+ 68. Kh2 Qbb5 69. Qh8+ Kd7 70. Qh3+ Qf5 71. Qg2 Qff3 72. Qh3+ Kd8 73. Qh8+ Kd7 74. Qh3+ Kc6 75. Qh6+ Kb7 76. Qe6 Qxf2+ 77. Kh3 Qdxg3# 0-1


[Site "https://www.chess.com"]

[Event "Titled Tuesday Blitz May 30 Late 2023"]
[White "Novik, Maxim"]
[Black "Papayan, Oleg"]
[WhiteFideId "4102924"]
[BlackFideId "4193911"]
[WhiteElo "2287"]
[BlackElo "2171"]
[Result "0-1"]
[Round "03"]
[TimeControl "180+2"]
[Date "2023.05.31"]
[WhiteClock "0:00:08"]
[BlackClock "0:00:09"]

1. e4 e5 2. Nf3 Nc6 3. Bc4 Nf6 4. d3 Bc5 5. O-O O-O 6. Bg5 h6 7. Bh4 Be7 8. c3 d6 9. Nbd2 Be6 10. Bxe6 fxe6 11. b4 Nh7 12. Bxe7 Nxe7 13. d4 exd4 14. cxd4 Ng6 15. b5 Ng5 16. Rc1 Rf7 17. Re1 Nf4 18. Re3 Qf6 19. a4 Raf8 20. a5 Qg6 21. Qf1 Nxf3+ 22. Nxf3 Nh3+ 23. Kh1 Ng5 24. Rcc3 Nxe4 25. Rc2 Ng5 26. Rcc3 Nxf3 27. Rxf3 Rxf3 28. Rxf3 Rxf3 29. gxf3 Qf5 30. Kg2 Qg5+ 31. Kh1 Qf5 32. Kg2 Qg5+ 33. Kh1 Qd5 34. Qe2 Kf7 35. a6 bxa6 36. bxa6 Qxd4 37. Qb5 Qxf2 38. Qd7+ Kf6 39. Qd8+ Kg6 40. Qe8+ Kh7 41. h3 Qxf3+ 42. Kh2 Qe2+ 43. Kg3 Qxa6 44. Qxe6 Qd3+ 45. Kg2 Qc2+ 46. Kh1 Qb1+ 47. Kh2 Qb2+ 48. Kh1 Qc1+ 49. Kg2 Qg5+ 50. Kh1 Qe5 51. Qg4 Qe1+ 52. Kg2 Qd2+ 53. Kh1 Qg5 54. Qe4+ Qg6 55. Qc6 Qb1+ 56. Kh2 Qb2+ 57. Kh1 Qa1+ 58. Kh2 Qe5+ 59. Kh1 d5 60. Qc2+ Qe4+ 0-1


[Site "https://www.chess.com"]

[Event "Titled Tuesday Blitz May 30 Late 2023"]
[White "Federzoni, Enzo"]
[Black "Omelja, Artem"]
[WhiteFideId "2173301"]
[BlackFideId "14119846"]
[WhiteElo "2039"]
[BlackElo "2404"]
[Result "0-1"]
[Round "03"]
[TimeControl "180+2"]
[Date "2023.05.31"]
[WhiteClock "0:01:23"]
[BlackClock "0:00:33"]

1. e4 e5 2. Nf3 Nc6 3. d4 exd4 4. Nxd4 Nf6 5. Nc3 Bb4 6. Nxc6 bxc6 7. Bd3 O-O 8. O-O d5 9. exd5 cxd5 10. h3 c6 11. Qf3 Bd7 12. Bg5 h6 13. Bxf6 Qxf6 14. Qxf6 gxf6 15. Ne2 Bd6 16. c4 Rab8 17. b3 d4 18. Ng3 Rfe8 19. Rfe1 Bb4 20. Rxe8+ Rxe8 21. Nf5 Bxf5 22. Bxf5 Re2 23. a3 Bc3 24. Rd1 Ra2 25. b4 Rxa3 26. b5 cxb5 27. cxb5 Rb3 28. Bd3 Kf8 29. Kf1 Ke7 30. Ke2 Kd6 31. Kf3 Rb2 32. Bc4 Kc5 33. Bd3 Rxb5 34. Bxb5 Kxb5 35. Ke2 Kc4 36. Rb1 a5 37. Kd1 a4 38. Rb7 a3 39. Ra7 Kb3 40. Rb7+ Bb4 0-1


[Site "https://www.chess.com"]

[Event "Titled Tuesday Blitz May 30 Late 2023"]
[White "i_like_explosions"]
[Black "Shuvalov, Evgenij"]
[BlackFideId "4187237"]
[WhiteElo "2408"]
[BlackElo "2080"]
[Result "1/2-1/2"]
[Round "03"]
[TimeControl "180+2"]
[Date "2023.05.31"]
[WhiteClock "0:00:37"]
[BlackClock "0:00:52"]

1. d4 Nf6 2. Bg5 d5 3. Bxf6 gxf6 4. e3 Bf5 5. c4 c6 6. Nc3 e6 7. cxd5 cxd5 8. Nf3 Nc6 9. Bb5 Rc8 10. O-O Bd6 11. Qa4 a6 12. Be2 O-O 13. Rac1 Bg6 14. Nh4 Qb6 15. Nxg6 hxg6 16. Qc2 Kg7 17. a3 Rh8 18. g3 Rh6 19. Bf3 Rch8 20. h4 Qc7 21. Ne2 Qb8 22. Rfd1 Ne7 23. e4 dxe4 24. Qxe4 Nd5 25. Qd3 f5 26. Bxd5 exd5 27. Qf3 Rd8 28. Nf4 Bxf4 29. Qxf4 Qxf4 30. gxf4 Rxh4 31. Rc7 Rxf4 32. Rxb7 Rd6 33. Kg2 Re4 34. Rd2 g5 35. b4 g4 36. a4 Rc6 37. Rd7 Rc4 38. Rxd5 Kg6 39. Ra5 Rxb4 40. Rxa6+ Kg5 41. d5 Rxa4 42. Rxa4 Rxa4 43. d6 Ra8 44. d7 Rd8 45. Rd6 f4 46. Kh2 Kf5 47. Kg2 Ke5 48. Rd1 Ke6 49. Rd4 Ke5 50. Rd1 f5 51. Rd2 Ke6 52. Rd4 f3+ 53. Kg3 Rxd7 54. Ra4 Kf6 55. Ra8 Rd4 56. Rf8+ Kg6 57. Rg8+ Kf7 58. Ra8 Rd1 59. Kf4 Rf1 60. Kxf5 g3 61. fxg3 f2 62. Ra7+ Kg8 63. Ra2 Rg1 64. Rxf2 Rxg3 65. Rf4 1/2-1/2


[Site "https://www.chess.com"]

[Event "Titled Tuesday Blitz May 30 Late 2023"]
[White "ThaBarWa"]
[Black "Marra, Eduardo da Costa"]
[BlackFideId "2106990"]
[WhiteElo "2401"]
[BlackElo "2252"]
[Result "0-1"]
[Round "03"]
[TimeControl "180+2"]
[Date "2023.05.31"]
[WhiteClock "0:00:08"]
[BlackClock "0:00:16"]

1. d4 Nf6 2. c4 e6 3. Nc3 Bb4 4. f3 c5 5. d5 d6 6. e4 O-O 7. Bd3 Bxc3+ 8. bxc3 Nbd7 9. Ne2 Ne5 10. Bf4 Nxd3+ 11. Qxd3 e5 12. Bg5 b6 13. O-O h6 14. Bxf6 Qxf6 15. a4 Ba6 16. a5 Qe7 17. Ra3 Rfb8 18. axb6 axb6 19. Rfa1 Bb7 20. Qb1 Rxa3 21. Rxa3 Bc8 22. Nc1 Qg5 23. Nd3 Bh3 24. Ra2 Kh7 25. Kf1 Bd7 26. Qc1 Qh4 27. g3 Qh3+ 28. Kg1 b5 29. Nf2 Qh5 30. cxb5 Qxf3 31. c4 f5 32. Ra3 Qe2 33. Re3 Qh5 34. exf5 Bxf5 35. Ne4 Qg6 36. Qe1 Ra8 37. Nf2 Ra2 38. Re2 Ra3 39. Re3 Ra2 40. Re2 Ra4 41. Qc1 Rb4 42. Rb2 e4 43. Rxb4 cxb4 44. b6 e3 45. Qxe3 Qf7 46. Nd3 b3 47. Nb2 Bc2 48. Kg2 Qb7 49. c5 Qxd5+ 50. Kg1 dxc5 51. h4 c4 52. b7 Qxb7 53. Qd4 Qf3 54. Qxc4 Qxg3+ 55. Kf1 Qf3+ 56. Ke1 Qg3+ 57. Kd2 Qg2+ 58. Kc3 Qf3+ 59. Kb4 Qf6 60. Qc3 Qxc3+ 61. Kxc3 Kg6 62. Nc4 Kh5 63. Ne3 Kxh4 64. Ng2+ Kg3 65. Ne3 h5 66. Nf1+ Kg4 67. Ne3+ Kg5 68. Nf1 h4 69. Nh2 Kf4 70. Nf1 g5 71. Nh2 g4 72. Nf1 g3 0-1


[Site "https://www.chess.com"]

[Event "Titled Tuesday Blitz May 30 Late 2023"]
[White "Pein, Jonathan"]
[Black "Keleberda, Tymur"]
[WhiteFideId "417092"]
[BlackFideId "14174294"]
[WhiteElo "2151"]
[BlackElo "2198"]
[Result "1-0"]
[Round "03"]
[TimeControl "180+2"]
[Date "2023.05.31"]
[WhiteClock "0:00:45"]
[BlackClock "0:01:42"]

1. b3 e5 2. Bb2 d6 3. e3 Nf6 4. d4 Nc6 5. Nf3 e4 6. Nfd2 Be7 7. c4 d5 8. Nc3 O-O 9. a3 Be6 10. Qc2 Na5 11. cxd5 Bxd5 12. Nxd5 Qxd5 13. b4 Nc6 14. Bc4 Qg5 15. Nxe4 Qxg2 16. Nxf6+ Bxf6 17. O-O-O Qf3 18. Rhg1 a6 19. Rg3 Qh5 20. Rdg1 b5 21. Be2 Qxh2 22. Qxc6 Qxf2 23. R1g2 Qe1+ 24. Bd1 Rae8 25. Qxf6 g6 26. d5 Rxe3 27. Qg7# 1-0


[Site "https://www.chess.com"]

[Event "Titled Tuesday Blitz May 30 Late 2023"]
[White "Ismagilov, Damir"]
[Black "Gatterer, Florian"]
[WhiteFideId "34199982"]
[BlackFideId "811688"]
[WhiteElo "2143"]
[BlackElo "2221"]
[Result "0-1"]
[Round "03"]
[TimeControl "180+2"]
[Date "2023.05.31"]
[WhiteClock "0:00:11"]
[BlackClock "0:00:12"]

1. d4 c6 2. f4 d5 3. Nf3 Nf6 4. e3 g6 5. c4 Bg7 6. Nc3 O-O 7. Be2 Ne4 8. Nxe4 dxe4 9. Nd2 f5 10. O-O c5 11. d5 e6 12. Qc2 a5 13. Rb1 a4 14. b3 axb3 15. axb3 Na6 16. Ba3 b6 17. Rfd1 Qe7 18. Nf1 Bb7 19. d6 Qd7 20. Bb2 Rfd8 21. Bxg7 Qxg7 22. Qb2 Nb4 23. Qe5 Nc6 24. Qxg7+ Kxg7 25. Rb2 Rd7 26. g4 Rad8 27. Rbd2 e5 28. fxe5 Nxe5 29. gxf5 gxf5 30. Ng3 Kf6 31. Rf1 Nf3+ 32. Bxf3 exf3 33. Rfd1 Ke6 34. Kf2 Be4 35. Nh5 Rxd6 36. Rxd6+ Rxd6 37. Rxd6+ Kxd6 38. Nf6 h6 39. h4 Ke6 40. Ne8 Bc2 41. Nc7+ Kd6 42. Nb5+ Kc6 43. Kxf3 Bxb3 44. Na3 Bd1+ 45. Kf4 Bg4 46. Nb5 Be2 47. Na3 Bd3 48. Ke5 h5 49. Kf4 Kd6 50. Kg5 Ke5 51. Kxh5 Ke4 52. Kg5 Kxe3 53. Nb5 f4 54. Nc3 f3 55. Kf6 Kd2 56. h5 Kxc3 57. h6 f2 58. Ke5 f1=Q 59. Kd6 Qf4+ 60. Kc6 Qxh6+ 61. Kb7 Qd6 62. Ka6 Bxc4+ 0-1


[Site "https://www.chess.com"]

[Event "Titled Tuesday Blitz May 30 Late 2023"]
[White "micke12a"]
[Black "Eugene, Floryan"]
[BlackFideId "20694784"]
[WhiteElo "2400"]
[BlackElo "2369"]
[Result "1/2-1/2"]
[Round "03"]
[TimeControl "180+2"]
[Date "2023.05.31"]
[WhiteClock "0:00:08"]
[BlackClock "0:00:02"]

1. d4 f5 2. g3 Nf6 3. Bg2 g6 4. c4 Bg7 5. Nc3 O-O 6. Nf3 d6 7. O-O c6 8. b3 Qc7 9. Bb2 e5 10. dxe5 dxe5 11. e4 Rd8 12. Qe2 f4 13. Rad1 Re8 14. Qd2 Na6 15. Qd6 Bg4 16. Qxc7 Nxc7 17. h3 Bxf3 18. Bxf3 Ne6 19. h4 Nd4 20. Kg2 Rad8 21. Ne2 c5 22. Nc3 Rf8 23. g4 Rd6 24. Nb5 Ra6 25. Nc3 h5 26. g5 Ng4 27. Rd2 Nxf3 28. Kxf3 Nh2+ 29. Kg2 Nxf1 30. Kxf1 f3 31. Rd7 Rf7 32. Rd8+ Bf8 33. Nd5 Rd6 34. Ne7+ Rxe7 35. Rxd6 Kh7 36. Rd5 Bg7 37. Rxc5 Rf7 38. Bc1 Rd7 39. Rd5 Rc7 40. Be3 a6 41. Ke1 Kg8 42. Kd2 Kf7 43. Kd3 Ke6 44. c5 Bf8 45. b4 Be7 46. Kc4 b5+ 47. Kd3 a5 48. a3 axb4 49. axb4 Ra7 50. Bd2 Ra2 51. Ke3 Rc2 52. Rd3 Rc4 53. Kxf3 Rc2 54. Ke2 Rc4 55. f3 Rc2 56. Ke3 Rb2 57. Ra3 Rc2 58. Ra6+ Kf7 59. Rb6 Rc4 60. Rxb5 Rd4 61. Bc3 Rc4 62. Kd3 Rxc3+ 63. Kxc3 Bd8 64. Kc4 Ke6 65. Rb7 Bc7 66. Rxc7 1/2-1/2


[Site "https://www.chess.com"]